 Dungeon Crawl Stone Soup version 0.27-a0-1332-g84bddb5ca7 (webtiles) character file.

Game seed: 3819712316113408489

9 Sobieck the Skirmisher (level 2, -1/27 HPs)
             Began as a Hill Orc Fighter on June 25, 2021.
             Slain by a gnoll (10 damage)
             ... on level 1 of the Dungeon.
             The game lasted 00:01:07 (355 turns).

Sobieck the Skirmisher (Hill Orc Fighter)            Turns: 355, Time: 00:01:08

Health: -1/27      AC:  8    Str: 18    XL:     2   Next: 12%
Magic:  2/2        EV:  7    Int:  8    God:
Gold:   42         SH:  9    Dex: 10    Spells: 1/1 levels left

rFire    . . .     SeeInvis .   a - +0 war axe {axe}
rCold    . . .     Faith    .   c - +0 kite shield
rNeg     . . .     Spirit   .   b - +0 scale mail
rPois    .         Reflect  .   (no helmet)
rElec    .         Harm     .   (no cloak)
rCorr    .         Rampage  .   h - +0 pair of gloves
Will     .....                  (no boots)
Stlth    ..........             (no amulet)
HPRegen  0.09/turn              (no ring)
MPRegen  0.08/turn              (no ring)

@: no status effects
A: no striking features
a: no special abilities


You were on level 1 of the Dungeon.
You visited 1 branch of the dungeon, and saw 2 of its levels.

You collected 42 gold pieces.


   Skills:
 + Level 3.8 Fighting
 * Level 3.1 Axes
 + Level 3.4 Armour
 + Level 3.4 Shields


You had one spell level left.
You didn't know any spells.
Your spell library was empty.

Inventory:

Hand Weapons
 a - a +0 war axe (weapon) {axe}
Missiles
 e - 17 sling bullets
 f - 21 bolts
 g - 83 stones (quivered) {throwing}
 i - 21 arrows
Armour
 b - a +0 scale mail (worn)
 c - a +0 kite shield (worn)
 h - a +0 pair of gloves (worn)
   (You found it on level 1 of the Dungeon)
Scrolls
 k - a scroll of torment {unknown}
Potions
 d - a potion of might
 j - a potion of experience {unknown}
 l - a potion of lignification {unknown}

Dungeon Overview and Level Annotations

Branches:
Dungeon (2/15)

Altars:

########..
#####........#
###########.....@g.....#
................######..
#####.########### #.#
#.# #.# #.# #.# ### #.#


You could see a gnoll.


Message History

Your hp is fully restored (20).
You hit the endoplasm.
You kill the endoplasm!
You have reached level 2! 😎 HP[+7] MP[+1]
You now have 27 max hp (+7).
Your hp is fully restored (27).
Your mp is fully restored (2).
(D) Dungeon
Where to? (Enter - D:2, ? - help)
There is a stone staircase leading up here.
You climb upwards.
There is a stone staircase leading down here.
g - 65 stones {throwing} (gained 20)
j - a blue potion You now have 25 gold pieces (gained 5).
k - a scroll labelled HIT NUSERHU ZEOSK You now have 42 gold pieces (gained 17).
A bat comes into view.
The bat hits you but does no damage. The bat barely misses you.
The bat hits you but does no damage.
You barely miss the bat. The bat barely misses you.
The bat hits you but does no damage. x2
The bat hits you but does no damage. The bat hits you but does no damage.
You miss the bat. The bat closely misses you.
The bat hits you but does no damage. The bat hits you. 😕 HP[-1]
You take 1 damage, and now have 26/27 hp.
The bat hits you but does no damage. The bat hits you.
The bat hits you but does no damage.
You hit the bat.
You kill the bat!
No target in view!
A frilled lizard comes into view.
The frilled lizard hisses angrily.
You see here 18 stones {throwing}. 😎 HP[+1]
Your hp is fully restored (27).
The frilled lizard bites you. 😕 HP[-1]
You take 1 damage, and now have 26/27 hp.
You slash the frilled lizard!
You kill the frilled lizard!
No target in view!
No target in view!
g - 83 stones {throwing} (gained 18)
l - a grey potion 😎 HP[+1]
Your hp is fully restored (27).
Found a stone staircase leading down.
(D) Dungeon
Where to? (Enter - D:1, ? - help)
There is a stone staircase leading down here.
You climb downwards.
A ball python and 2 gnolls come into view.
The gnoll shouts! x2; You hear a shout!
The gnoll hits you from afar with a +0 spear.
You hear a shout!
Found a stone staircase leading up.
There is a stone staircase leading up, spattered with blood here. 😕 HP[-6]
You take 6 damage, and now have 21/27 hp.
MASSIVE DAMAGE!! (PAUSE)
The gnoll hits you from afar with a +0 spear.
You block the gnoll's attack.
You climb upwards.
There is a stone staircase leading down here. 😮 HP[-2]
You take 2 damage, and now have 19/27 hp.
You are too injured to fight recklessly!
You are too injured to fight recklessly!
You are too injured to fight recklessly!
You hit the gnoll. The gnoll barely misses you.
The gnoll hits you with a +0 flail.
* * * LOW HITPOINT WARNING * * *
😨 HP[-6]
You take 6 damage, and now have 13/27 hp.
MASSIVE DAMAGE!! (PAUSE)
You hit the gnoll but do no damage. You block the gnoll's attack.
You hit the gnoll. The gnoll hits you with a +0 flail.
* * * LOW HITPOINT WARNING * * *
You block the gnoll's attack. 😨 HP[-2]
You take 2 damage, and now have 11/27 hp.
Unknown command.
You barely miss the gnoll. You block the gnoll's attack.
You hit the gnoll. The gnoll closely misses you. You block the gnoll's attack.
You hit the gnoll. The gnoll hits you with a +0 flail.
* * * LOW HITPOINT WARNING * * *
😨 HP[-2]
You take 2 damage, and now have 9/27 hp.
Your shield and scale mail prevent you from hitting the gnoll.
You block the gnoll's attack. The gnoll barely misses you.
Unknown command.
You hit the gnoll. You block the gnoll's attack. x2
Your shield prevents you from hitting the gnoll.
You block the gnoll's attack.
You closely miss the gnoll. The gnoll hits you with a +0 flail!
You die...

Skill      XL: |  1 |
---------------+----+-----
Axes           | 3 |  3.1
Fighting       | |  3.8
Armour         | |  3.4
Shields        | |  3.4

Action                   || total
-------------------------++-------
Melee: War axe           ||    27
Armor: Scale mail        ||    14
Dodge: Dodged            ||     9
Block: Kite shield       ||    16

Levels and vault maps discovered:
D:1:      minmay_arrival_solitary_statue, layout_loops_ring, serial_glass,
          glass_columns_b, glass_columns_b
D:2:      layout_basic, grunt_ministairs_15, amcnicky_mini_rare_corridor_liquid

Notes
Turn   | Place    | Note
-------+----------+-------------------------------------------
     0 | D:1      | Sobieck the Hill Orc Fighter began the quest for the Orb.
     0 | D:1      | Reached XP level 1. HP: 19/19 MP: 1/1
     0 | D:1      | magus.rc [v1.9.6]
   168 | D:1      | Reached skill level 3 in Axes
   195 | D:2      | Reached XP level 2. HP: 27/27 MP: 2/2
   355 | D:1      | Slain by a gnoll

Vanquished Creatures
  An endoplasm (D:2)
  A giant cockroach (D:1)
  A goblin (D:1)
  A hobgoblin (D:1)
  A ball python (D:1)
  2 bats (D:1)
  A frilled lizard (D:1)
  A rat (D:1)
9 creatures vanquished.

Table legend:
 A = Non-vault XP
 B = Vault XP
 C = Vault XP percentage of total XP
 D = Non-vault monster count
 E = Vault monster count
 F = Vault count percentage of total count
                 A         B        C        D         E       F
            +---------+---------+-------+---------+---------+-------
      Total |      13 |       0 |   0.0 |       9 |       0 |   0.0
            +---------+---------+-------+---------+---------+-------
        D:1 |      11 |       0 |   0.0 |       8 |       0 |   0.0
        D:2 |       2 |       0 |   0.0 |       1 |       0 |   0.0
            +---------+---------+-------+---------+---------+-------

Illustrated notes

Table legend:
 A = Kills in this place as a percentage of kills in entire the game.
 B = Kills by you in this place as a percentage of kills by you in the entire game.
 C = Kills by friends in this place as a percentage of kills by friends in the entire game.
 D = Other kills in this place as a percentage of other kills in the entire game.
 E = Experience gained in this place as a percentage of experience gained in the entire game.
 F = Experience gained in this place divided by the number of levels of this place that you have seen.
                   A       B       C       D       E      F
               +-------+-------+-------+-------+-------+----------------------
         Total | 100.0 | 100.0 |   N/A |   N/A | 100.0 |   6.5
       Dungeon | 100.0 | 100.0 |   N/A |   N/A | 100.0 |   6.5
               +-------+-------+-------+-------+-------+----------------------

Table legend: (Time is in decaauts)
 A = Elapsed time spent in this place.
 B = Non-inter-level travel time spent in this place.
 C = Inter-level travel time spent in this place.
 D = Time resting spent in this place.
 E = Time spent auto-exploring this place.
 F = Levels seen in this place.
 G = Mean time per level.
                   A        B        C        D        E       F      G
               +--------+--------+--------+--------+--------+-----+--------+
         Total |    371 |    351 |     20 |      0 |    264 |   2 |  185.5 |
       Dungeon |    371 |    351 |     20 |      0 |    264 |   2 |  185.5 |
               +--------+--------+--------+--------+--------+-----+--------+

Top non-repeatable levels by time:
     D:1: 362 daAuts
     D:2: 9 daAuts
